Map: Dusk Towers

Players

Kurokushka

  • Race: Terran Terran
  • League: Diamond

MataLeon - Winner!

  • Race: Protoss Protoss
  • League: Platinum

VOD

Have the link to the VOD?

Description

Time

  • Played on: April 8, 2016, 11:21 a.m.
  • Length: 19:20
Show
View Real Time Build Order
Export as new Build Order

Kurokushka Terran 

Build Orders: 1/1/1, Liberator Opening, MMM Bio 

Get SALT Encoding   

  12  0:01  SCV  
  13  0:13  SCV  
  14  0:18  Supply Depot  
  14  0:25  SCV  
  14  0:28  Refinery  
  15  0:39  SCV  
  16  0:45  Barracks  
  16  0:53  SCV  
  17  1:05  SCV  
  18  1:17  SCV  
  19  1:32  Factory, Orbital Command  
  19  1:33  Marine  
  19  1:37  Supply Depot  
  20  1:52  Marine  
  21  1:59  SCV  
  22  2:10  Marine  
  23  2:19  Widow Mine  
  23  2:21  Starport  
  26  2:22  SCV  
  26  2:25  Supply Depot  
  26  2:28  Marine  
  27  2:45  SCV  
  27  2:46  Marine  
  27  2:48  Refinery, Widow Mine  
  31  3:02  SCV  
  31  3:04  Medivac  
  34  3:09  Marine  
  35  3:14  Command Center  
  35  3:27  Marine  
  36  3:37  Liberator  
  35  3:52  Factory Tech Lab  
  35  3:55  Barracks Reactor  
  37  3:59  SCV  
  38  4:23  SCV  
  39  4:42  Command Center  
  39  4:44  Starport Reactor  
  39  4:48  Barracks  
  39  4:49  Cyclone, Marine x2, SCV  
  39  4:50  Barracks  
  45  5:01  SCV  
  46  5:20  Marine x2  
  48  5:21  Medivac  
  48  5:22  Medivac  
  52  5:31  Orbital Command  
  45  6:03  Barracks Tech Lab  
  45  6:04  Barracks Tech Lab  
  44  6:05  SCV  
  44  6:06  SCV  
  44  6:17  Marine x2, SCV  
  47  6:18  Medivac  
  47  6:22  SCV  
  50  6:29  SCV  
  48  6:34  Combat Shields  
  48  6:35  Stimpack  
  48  6:42  Marauder x2, Marine x2  
  48  6:44  Supply Depot  
  54  6:50  Engineering Bay  
  54  6:51  Orbital Command  
  54  6:52  SCV x2  
  56  7:04  SCV x2  
  58  7:15  Engineering Bay  
  58  7:16  SCV x2  
  58  7:17  Terran Infantry Weapons Level 1  
  60  7:25  SCV  
  60  7:28  SCV, Barracks  
  60  7:29  Barracks  
  62  7:34  Medivac  
  62  7:39  Bunker, SCV x2  
  62  7:40  SCV  
  62  7:42  Terran Infantry Armor Level 1  
  65  7:53  SCV x2  
  65  7:57  Supply Depot  
  65  7:58  Concussive Shells  
  67  8:00  SCV  
  67  8:01  Marine x2  
  67  8:02  Marauder  
  67  8:05  Refinery  
  72  8:06  Refinery  
  72  8:13  Supply Depot  
  72  8:17  Barracks Reactor, Barracks Tech Lab  
  72  8:18  Supply Depot  
  72  8:23  Marine x2, Marauder  
  72  8:24  Command Center, Medivac x2  
  72  8:26  SCV x3  
  83  8:32  Supply Depot  
  83  8:34  Marine  
  83  8:35  Supply Depot  
  83  8:38  SCV x2  
  83  8:39  Barracks  
  86  8:41  Missile Turret  
  86  8:46  Barracks  
  86  8:47  Barracks  
  86  8:50  Starport  
  86  8:53  Marine x4, Marauder  
  86  8:54  Marine  
  86  8:55  Marauder  
  95  8:59  Armory  
  95  9:08  SCV x2  
  95  9:09  SCV  
  98  9:11  Marine  
  98  9:12  Marauder, Medivac x2  
  97  9:28  SCV x2  
  97  9:29  Marine, Marauder x2, SCV  
  101  9:34  Marauder  
  103  9:40  Refinery x2  
  103  9:41  Liberator  
  103  9:44  SCV  
  103  9:45  SCV  
  105  9:48  SCV, Starport Reactor  
  105  9:49  Barracks Tech Lab x2  
  106  9:59  SCV x2  
  111  10:00  Marine x3, Marauder  
  116  10:08  SCV  
  116  10:11  SCV  
  116  10:13  Liberator  
  118  10:16  SCV  
  118  10:20  SCV  
  120  10:23  SCV  
  120  10:24  Planetary Fortress  
  121  10:28  SCV, Liberator  
  121  10:35  SCV x2  
  127  10:36  Supply Depot  
  127  10:39  Supply Depot  
  127  10:43  Liberator  
  127  10:47  SCV x2  
  132  10:58  Marauder x3, SCV  
  132  11:01  Marauder x2  
  132  11:03  Liberator x2  
  146  11:07  SCV x2  
  148  11:13  Marine x2  
  148  11:14  SCV  
  148  11:16  Supply Depot  
  148  11:17  Supply Depot  
  151  11:20  Marauder  
  159  11:33  Marine, Marauder x2  
  159  11:37  Marine x2  
  159  11:39  Terran Infantry Armor Level 2, Terran Infantry Weapons Level 2  
  166  11:43  SCV x3  
  167  12:01  Terran Ship Weapons Level 1  
  167  12:02  Marine x2, Marauder x2  
  167  12:05  SCV x3  
  167  12:08  Refinery  
  176  12:09  Refinery  
  176  12:18  SCV x3  
  176  12:20  SCV  
  176  12:21  Supply Depot  
  180  12:23  Supply Depot  
  180  12:25  Liberator x2  
  180  12:27  Liberator x2  
  180  12:41  Command Center  
  192  13:07  Supply Depot  
  192  13:08  Liberator  
  192  13:11  Liberator  
  192  13:20  Liberator  
  198  13:46  Ghost Academy  
  198  14:08  Liberator x2  
  185  15:02  Marine x2, Marauder x2  
  185  15:03  Marauder  
  185  15:09  Liberator x4  
  185  15:13  Marine x2, Marauder x2  
  148  15:23  Marauder  
  148  15:24  Marauder x2, Marine x2  
  143  15:31  Marine x2  
  143  15:34  Terran Infantry Weapons Level 3  
  143  15:35  Marauder x2, Terran Infantry Armor Level 3  
  147  15:45  Marauder x2  
  147  15:49  Marine, Marauder  
  154  15:52  Liberator  
  154  15:56  Marauder x2  
  154  16:01  Marine  
  155  16:06  Marauder x2  
  155  16:10  Marauder  
  164  16:18  Viking x3  
  170  16:19  Marine x3, Marauder x2  
  177  16:25  Planetary Fortress  
  177  16:27  Marauder  
  179  16:40  Personal Cloaking  
  179  16:41  Terran Ship Weapons Level 2  
  179  16:45  Starport  
  179  16:50  Marine x4, Marauder x3  
  179  16:51  Marauder x2  
  193  16:58  Refinery  
  193  17:08  Marine  
  186  17:11  Marauder x2  
  190  17:24  Command Center, Fusion Core, Starport Tech Lab  
  190  17:26  Medivac x3  
  190  17:27  Medivac  
  200  17:51  Marauder  
  197  18:11  Hi-Sec Auto Tracking  
  193  18:20  Marauder x4, Marine  
  177  19:00  Marine x3  
Show
View Real Time Build Order
Export as new Build Order

MataLeon Protoss - Winner!

Build Orders: 1 Gate Expand, Blink Stalkers 

Get SALT Encoding   

  12  0:01  Probe (Chrono Boost)  
  13  0:11  Probe (Chrono Boost)  
  14  0:19  Pylon  
  14  0:22  Probe (Chrono Boost)  
  15  0:37  Probe (Chrono Boost)  
  15  0:41  Gateway  
  16  0:47  Assimilator, Probe (Chrono Boost)  
  17  0:58  Probe (Chrono Boost)  
  18  1:08  Probe (Chrono Boost)  
  19  1:26  Nexus  
  19  1:35  Cybernetics Core  
  19  1:39  Assimilator  
  20  1:40  Probe (Chrono Boost)  
  20  1:45  Pylon  
  19  1:52  Probe (Chrono Boost)  
  20  2:03  Probe (Chrono Boost)  
  21  2:11  Adept (Chrono Boost)  
  21  2:12  Warp Gate  
  21  2:13  Probe  
  24  2:25  Probe  
  24  2:29  Twilight Council  
  25  2:37  Probe  
  25  2:43  Probe  
  26  2:48  Stalker (Chrono Boost)  
  26  2:49  Probe  
  30  2:53  Probe  
  31  3:01  Probe  
  31  3:04  Probe  
  32  3:06  Blink (Chrono Boost)  
  33  3:14  Probe x2  
  33  3:18  Stalker  
  37  3:25  Probe  
  37  3:26  Probe  
  39  3:38  Probe  
  40  3:44  Probe  
  41  3:50  Probe  
  41  3:54  Robotics Facility  
  41  3:55  Probe  
  42  3:57  Gateway  
  42  4:00  Gateway  
  42  4:02  Mothership Core  
  43  4:05  Probe  
  43  4:06  Pylon  
  44  4:16  Probe, Assimilator  
  44  4:20  Assimilator  
  44  4:23  Probe  
  46  4:26  Probe  
  46  4:29  Stalker  
  49  4:34  Nexus  
  49  4:39  Probe  
  49  4:41  Observer  
  51  4:51  Pylon  
  51  4:54  Pylon  
  48  5:13  Stalker x3  
  48  5:15  Probe  
  48  5:17  Probe  
  48  5:26  Probe  
  49  5:29  Probe  
  46  5:37  Gateway  
  46  5:39  Stalker x2, Gateway  
  46  5:40  Stalker  
  46  5:41  Gateway  
  40  5:59  Probe  
  40  6:00  Probe  
  40  6:01  Probe  
  41  6:07  Observer  
  41  6:09  Probe  
  42  6:11  Probe  
  42  6:12  Probe  
  42  6:18  Pylon  
  44  6:20  Probe  
  44  6:24  Probe  
  44  6:25  Mothership Core  
  46  6:27  Forge  
  46  6:28  Forge  
  46  6:30  Probe  
  48  6:34  Probe  
  48  6:35  Stalker x2  
  53  6:41  Probe  
  53  6:45  Probe  
  53  6:46  Probe  
  56  6:48  Resonating Glaives (Chrono Boost)  
  56  6:49  Stalker  
  56  6:51  Probe  
  58  6:58  Probe, Warp Prism  
  61  7:03  Probe x2  
  63  7:08  Protoss Ground Weapons Level 1 (Chrono Boost)  
  63  7:10  Protoss Ground Armor Level 1 (Chrono Boost)  
  63  7:12  Probe  
  63  7:14  Probe  
  65  7:19  Probe  
  66  7:33  Adept  
  66  7:34  Adept x4  
  66  7:35  Probe x2  
  66  7:37  Probe  
  79  7:47  Probe  
  79  7:48  Pylon  
  79  7:50  Pylon  
  80  7:57  Adept x2  
  80  7:58  Adept x2  
  88  8:06  Photon Cannon  
  88  8:09  Photon Cannon  
  88  8:12  Probe  
  89  8:13  Probe x2  
  89  8:14  Assimilator  
  89  8:19  Assimilator  
  91  8:20  Adept x2  
  91  8:24  Adept, Probe  
  91  8:26  Probe x2  
  100  8:30  Observer  
  101  8:40  Photon Cannon  
  101  8:42  Adept  
  101  8:44  Probe  
  104  8:53  Templar Archives  
  104  8:54  Gateway  
  104  8:55  Protoss Ground Armor Level 2 (Chrono Boost)  
  104  8:56  Gateway  
  104  8:59  Adept x2  
  108  9:03  Protoss Ground Weapons Level 2 (Chrono Boost)  
  108  9:07  Pylon  
  100  9:33  Probe  
  100  9:36  High Templar x5, Psionic Storm  
  111  9:39  Zealot  
  113  9:51  Gateway x2  
  113  9:54  Nexus  
  113  10:02  High Templar  
  113  10:03  Zealot  
  113  10:05  Charge  
  117  10:08  Pylon  
  117  10:13  Pylon  
  117  10:15  Pylon, Archon  
  117  10:17  Pylon  
  117  10:31  Adept x3  
  117  10:32  Adept x3  
  117  10:35  Adept x2  
  133  10:47  Photon Cannon  
  133  10:51  Probe  
  133  10:56  High Templar x3  
  140  10:58  Zealot x4  
  148  11:15  Protoss Ground Armor Level 3  
  148  11:20  Observer  
  148  11:23  Zealot x5  
  148  11:24  Zealot x2  
  163  11:32  Pylon  
  163  11:34  Pylon  
  163  11:35  Protoss Ground Weapons Level 3  
  163  11:36  Pylon  
  163  11:38  Pylon  
  163  11:39  Pylon  
  163  11:41  Pylon  
  163  11:44  Pylon  
  163  11:51  Zealot  
  163  11:52  Zealot x5  
  173  12:05  Stargate  
  173  12:06  Probe x2  
  173  12:07  Probe x2, Stargate  
  177  12:09  Stargate  
  177  12:15  High Templar x3  
  169  12:16  Assimilator  
  169  12:22  Assimilator  
  173  12:24  Protoss Air Weapons Level 1 (Chrono Boost)  
  173  12:29  Probe x2  
  175  12:47  Photon Cannon  
  175  12:49  Photon Cannon  
  175  12:54  Photon Cannon  
  175  13:00  High Templar, Photon Cannon  
  177  13:07  Fleet Beacon  
  177  13:08  Probe x3  
  177  13:32  Pylon  
  173  13:53  Nexus  
  173  13:54  Photon Cannon  
  173  13:55  Assimilator  
  173  13:59  Assimilator, Tempest x3  
  179  14:03  Pylon  
  179  14:06  Pylon  
  166  14:19  Zealot x4  
  167  14:26  High Templar x5  
  175  14:42  Oracle, Tempest  
  176  15:04  Zealot  
  176  15:05  Zealot x4  
  162  15:17  Tempest  
  142  15:35  Warp Prism  
  144  15:36  Zealot x4  
  144  15:37  High Templar  
  144  15:41  High Templar x2  
  158  15:44  High Templar  
  158  15:45  High Templar  
  148  16:07  High Templar x3  
  148  16:08  High Templar  
  148  16:09  Archon x2  
  156  16:15  Tempest  
  160  16:33  Nexus  
  160  16:37  Probe  
  160  16:38  Probe x2  
  160  16:39  Probe x2  
  165  16:50  Probe  
  165  16:51  Probe  
  165  17:07  Tempest x2 (Chrono Boost)  
  165  17:09  Tempest (Chrono Boost)  
  177  17:18  Zealot x2  
  181  17:25  Pylon  
  181  17:27  Pylon, High Templar  
  181  17:28  High Templar x2  
  187  17:40  Probe x2  
  189  17:48  Pylon  
  189  17:49  Photon Cannon  
  189  17:51  Photon Cannon  
  189  17:56  Probe  
  189  17:58  Probe x2  
  192  18:22  Observer  
  192  18:25  Zealot x3  
  199  18:30  Probe  
  199  18:32  Assimilator  
  200  18:36  Assimilator  
  200  18:48  Gateway  
  200  18:50  Gateway  
  200  18:54  Gateway  
  190  18:56  Gateway  
Tags
 
Add a new tag
Caveats
  • Supply blocks, unpowered buildings, or Contaminate may cause inaccurate times.
  • Supply counts are checked every 10 seconds.